 Dungeon Sprint DCSS version 0.28.0 (webtiles) character file.

Game seed: 18259407854929346083

10 boopmooplesden the Shield-Bearer (level 2, 0/28 HPs)
             Began as a Minotaur Fighter on Feb 16, 2022.
             Slain by a neqoxec (6 damage)
             ... in the Dungeon (Sprint II: "The Violet Keep of Menkaure").
             The game lasted 00:00:20 (316 turns).

boopmooplesden the Shield-Bearer (Minotaur Fighter)  Turns: 316, Time: 00:00:20

Health: 0/28       AC:  7    Str: 20      XL:     2   Next: 10%
Magic:  1/1        EV:  9    Int:  3 (5)  God:
Gold:   243        SH:  4    Dex:  9      Spells: 1/1 levels left

rFire   . . .      SeeInvis .   a - +0 long sword
rCold   . . .      Faith    .   c - +0 buckler
rNeg    . . .      Spirit   .   b - +0 scale mail
rPois   .          Reflect  .   (helmet restricted)
rElec   .          Harm     .   (no cloak)
rCorr   .          Rampage  .   (no gloves)
Will    .....      NoTele   +   (no boots)
Stlth   ..........              (no amulet)
HPRegen 0.09/turn               (no ring)
MPRegen 0.07/turn               (no ring)

@: mighty
A: horns 2, retaliatory headbutt, subdued magic 1
a: no special abilities


You were in the Dungeon.
You visited 1 branch You collected 243 gold pieces.

Inventory:

Hand Weapons
 a - a +0 long sword (weapon)
Armour
 b - a +0 scale mail (worn)
 c - a +0 buckler (worn)
Scrolls
 j - a scroll of blinking
Potions
 e - a potion of curing
 f - a potion of heal wounds
 g - a potion of haste
 h - 2 potions of magic
 i - a potion of berserk rage


   Skills:
 + Level 4.5 Fighting
 + Level 3.0 Long Blades
 + Level 4.5 Armour
 + Level 4.6 Shields


You had one spell level left.
You didn't know any spells.
Your spell library was empty.

Dungeon Overview and Level Annotations

Branches:
Dungeon (1/1)

Altars:


Innate Abilities, Weirdness & Mutations

You have a pair of horns on your head.
You reflexively headbutt those who attack you in melee.
Your spells are a little easier to cast, but a little less powerful.


Message History

You have reached level 2!
You close the door.
There is an open door here.
There is a staircase leading out of the dungeon here.
You start resting.
The walls and floor vibrate strangely for a moment.
You start resting.
HP restored.
You open the door. 4 neqoxecs come into view.
The neqoxec shouts! x3
The neqoxec gestures at you.
You feel dopey. Something feeds on your intellect!
Found 243 gold pieces.
You feel very mighty all of a sudden. The neqoxec hits you!
You slash the neqoxec!
The neqoxec is moderately wounded.
The neqoxec hits you. The neqoxec misses you.
You barely miss the neqoxec.
The neqoxec is moderately wounded.
The neqoxec gestures at you.
Strange energies course through your body.
Your connection to magic feels subdued.
You hit the neqoxec but do no damage.
The neqoxec is moderately wounded.
The neqoxec misses you. You furiously retaliate!
You headbutt the neqoxec. You closely miss the neqoxec.
The neqoxec is moderately wounded.
The neqoxec hits you but does no damage.
The neqoxec hits you!
* * * LOW HITPOINT WARNING * * *
You barely miss the neqoxec.
The neqoxec is moderately wounded.
The neqoxec hits you but does no damage.
You closely miss the neqoxec.
The neqoxec is moderately wounded.
The neqoxec hits you.
You die...

## ### .##3.
.33 # #3# .#
##@##l#
+.<.+#
##.##l# #'##
.# ###..## #
#.##..#
#.#.## #+##
#≈≈≈≈≈≈≈≈≈≈§


You could see 4 neqoxecs.

Vanquished Creatures
  3 worms (D)
3 creatures vanquished.

Notes
Turn   | Place    | Note
-------+----------+-------------------------------------------
     0 | D        | boopmooplesden the Minotaur Fighter began the quest for the
                  | Orb.
     0 | D        | Reached XP level 1. HP: 19/19 MP: 0/0
     1 | D        | Noticed a wyvern
     1 | D        | Noticed a wyvern
   226 | D        | Noticed a lava snake
   226 | D        | Noticed a lava snake
   226 | D        | Noticed a lava snake
   232 | D        | Reached XP level 2. HP: 21/28 MP: 1/1
   309 | D        | Noticed a neqoxec
   309 | D        | Noticed a neqoxec
   309 | D        | Noticed a neqoxec
   309 | D        | Noticed a neqoxec
   312 | D        | Gained mutation: Your spells are a little easier to cast,
                  | but a little less powerful. [a neqoxec]
   316 | D        | Slain by a neqoxec

Illustrated notes

Levels and vault maps discovered:
D:        the_violet_keep_of_menkaure [sprint2_stairs_cluster_1,
          sprint2_shoproom, sprint2_temple, sprint2_basic_supplies,
          sprint2_obstacle_5, sprint2_obstacle_6, sprint2_obstacle_2,
          sprint2_obstacle_7, sprint2_obstacle_3, sprint2_timed_cluster_1,
          sprint2_smallroom_cluster_1, sprint2_smallroom_final_cluster_1,
          sprint2_transparent_cluster_1, sprint2_second_timed_cluster_1,
          sprint2_sniper_area_1, sprint2_heavy_combat_area_1,
          sprint2_mutation_trap_area_1, sprint2_forest_area_1,
          sprint2_light_combat_area_1, sprint2_behind_water_1,
          sprint2_near_end_vault_1]

Skill      XL: |  1 |
---------------+----+-----
Fighting       | 4 |  4.5
Armour         | 4 |  4.5
Shields        | 4 |  4.6
Long Blades    | 3 |  3.0

Action                   || total
-------------------------++-------
Melee: Long sword        ||    18
       Headbutt          ||     5
  Use: Potion            ||     1
Armor: Scale mail        ||     3
Dodge: Dodged            ||     3
Block: Buckler           ||     3
